 Dungeon Crawl Stone Soup version 0.18.1-48-g4cf74bf (webtiles) character file.

19038 BabyRage the Unseen (level 12, -17/111 HPs)
             Began as a Naga Assassin on July 23, 2016.
             Was an Elder of Fedhas.
             Demolished by a death yak (24 damage)
             ... on level 4 of the Lair of Beasts.
             The game lasted 00:51:22 (16652 turns).

BabyRage the Unseen (Naga Assassin)                Turns: 16652, Time: 00:51:22

Health: -17/111    AC: 11    Str: 17    XL:     12   Next: 64%
Magic:  15/15      EV: 12    Int: 11    God:    Fedhas [****..]
Gold:   826        SH:  0    Dex: 19    Spells: 0 memorised, 11 levels left

rFire  . . .     SeeInvis +     i - +2 scimitar (flame)
rCold  . . .     Gourm    .     M - +1 leather armour of Insatiable Hunger {rPois rCorr Dex+4}
rNeg   . . .     Faith    +     (no shield)
rPois  +         Spirit   .     o - +1 helmet
rElec  .         Dismiss  .     J - +2 cloak
rCorr  +         Reflect  .     (no gloves)
SustAt .         Harm     .     (no barding)
MR     ++...                    C - amulet of faith
Stlth  +++++++...               B - ring of protection from magic
                                (no ring)

@: very slow, very resistant to hostile enchantments, extremely stealthy
A: see invisible, deformed body, poison resistance, slowness 2, slow metabolism
1, spit poison 2, AC +4
a: Spit Poison, Evolution, Sunlight, Growth, Reproduction, Renounce Religion


You were on level 4 of the Lair of Beasts.
You worshipped Fedhas.
Fedhas was greatly pleased with you.
You were very hungry.

You visited 2 branches of the dungeon, and saw 15 of its levels.

You collected 826 gold pieces.

Inventory:

Hand Weapons
 a - a +3 dagger of freezing
 b - a +0 blowgun
 i - a +2 scimitar of flaming (weapon)
Missiles
 e - 77 poisoned needles
 f - 9 curare-tipped needles
 Q - 3 needles of paralysis
Armour
 o - a +1 helmet (worn)
 J - a +2 cloak (worn)
 M - the +1 leather armour of Insatiable Hunger (worn) {rPois rCorr Dex+4}
   (You found it on level 1 of the Lair of Beasts)

   It affects your dexterity (+4).
   It protects you from poison.
   It protects you from acid and corrosion.
Jewellery
 B - a ring of protection from magic (right hand)
 C - an amulet of faith (around neck)
 G - an uncursed amulet of dismissal {unknown}
Wands
 q - a wand of disintegration (12/24)
 E - a wand of digging (11/24)
 I - a wand of heal wounds (6/9)
 L - a wand of disintegration (12/24)
 P - a wand of acid (8/15)
Scrolls
 h - a scroll of fear
 j - 3 scrolls of blinking
 k - 3 scrolls of teleportation
 m - 7 scrolls of remove curse
 s - 6 scrolls of enchant weapon
 v - 2 scrolls of recharging
 w - 4 scrolls of amnesia
 y - 2 scrolls of magic mapping
 A - 2 scrolls of identify
 O - a scroll of enchant armour
Potions
 c - a potion of heal wounds
 n - 3 potions of cancellation
 p - 3 potions of lignification
 r - a potion of haste
 t - 5 potions of agility
 x - a potion of might
 z - 2 potions of resistance
 D - 5 potions of curing
 H - 2 potions of flight
 N - a potion of berserk rage {unknown}
Books
 R - a Grand Grimoire

   Spells                             Type                      Level
   a - Monstrous Menagerie            Summoning                    7
   b - Summon Greater Demon           Summoning                    7
   c - Malign Gateway                 Summoning/Translocation      7
   d - Summon Horrible Things         Summoning                    8
Comestibles
 g - 8 bread rations
 l - 45 fruits
 u - 5 meat rations
 F - 4 beef jerkies


   Skills:
 + Level 8.2 Fighting
 - Level 13.2(13.8) Short Blades
 * Level 6.9(11.0) Long Blades
 - Level 1.7 Throwing
 + Level 3.7 Dodging
 - Level 15.3 Stealth
 - Level 4.1 Invocations


You had 11 spell levels left.
You didn't know any spells.

Dungeon Overview and Level Annotations

Branches:
Dungeon (10/15)            Temple (0/1) D:6            Lair (5/8) D:8
 Spider (0/4) Lair:5
  Swamp: Lair:3-6    Shoals: Lair:3-6       Orc: D:9-12

Altars:
Elyvilon
Fedhas
Makhleb
Nemelex Xobeh
Pakellas
Ru
Trog
Xom
Zin
The Shining One

Annotations:
D:4 exclusion: 2 doors


Innate Abilities, Weirdness & Mutations

You cannot wear boots.
Your serpentine skin is tough (AC +4).
You have supernaturally acute eyesight.
Armour fits poorly on your strangely shaped body.
Your system is resistant to poisons.
You cover ground very slowly.
You have a slow metabolism.
You can spit poison.


Message History

* * * LOW HITPOINT WARNING * * *
You slither carefully through the plants.
You enter the shallow water.
Moving in this stuff is going to be slow.
The death yak is no longer covered in acid.
The death yak gores you!
* * * LOW HITPOINT WARNING * * *
Your oklob plant spits acid at the death yak.
The splash of acid hits the death yak.
The acid corrodes the death yak!
The death yak gores your oklob plant. The death yak gores your oklob plant!!
Your oklob plant spits acid at the death yak.
The splash of acid hits the death yak.
The acid corrodes the death yak!
The death yak gores your oklob plant!!
Your oklob plant is destroyed!
You feel a little guilty. The death yak gores you!
* * * LOW HITPOINT WARNING * * *
The death yak looks more healthy.
The death yak gores you!!
You die...
Fedhas appreciates your contribution to the ecosystem.

..........PPP≈≈≈♣≈≈P≈P≈.....#
........P≈P≈♣≈≈≈PP≈##.#≈##..##
........≈P≈≈≈≈♣PP≈..#+≈≈.#...#
.........≈≈≈♣♣PP.P.#.....#..##
#.....#P.P≈♣≈≈♣PP..##....#.f#
≈≈...P#fPPP≈≈≈♣PP≈≈##...##.f#
≈P≈......P.P.≈≈♣≈≈PPPP..##..##
≈≈♣..##+#..≈PP.P♣≈≈≈P≈P.##...#
#.....#..##≈P.P≈@P≈♣≈≈P.'..)##
#...............PY≈PPP≈P#...#
..................PP≈P≈.P...##
....................PPPP.....#
...[..##.#..#................#
.....##.....##...............##
....##.......##.............#.#
....##.#.........(..........###
....##...8.#.##..(.#.#..###.##


You could see a death yak.

Vanquished Creatures
  Rupert (Lair:4)
  Harold (Lair:1)
  Erica (Lair:2)
  A death yak (Lair:5)
  Sonja (Lair:1)
  A hill giant (D:10)
  Pikel (D:9)
  2 black mambas (Lair:4)
  6 spiny frogs
  A komodo dragon (Lair:1)
  2 trolls
  Prince Ribbit (D:7)
  A boulder beetle (Lair:4)
  2 two-headed ogres
  3 blink frogs (Lair:2)
  Sigmund (D:2)
  2 fire bats (Lair:3)
  10 yaks
  A fire elemental (Lair:3)
  2 wyverns
  3 hippogriffs
  2 basilisks
  7 water moccasins
  4 orc warriors
  5 porcupines
  2 ice beasts (D:10)
  A necrophage (D:5)
  3 sky beasts
  2 ogres
  5 wolves
  2 crocodiles
  4 centaurs
  11 giant frogs
  A wandering mushroom (D:7)
  2 scorpions (Lair:5)
  2 killer bees (D:8)
  An electric eel (Lair:4)
  3 crimson imps
  A giant frog zombie (D:5)
  A wasp zombie (D:8)
  2 orc priests (D:5)
  7 hounds
  5 orc wizards
  2 centaur skeletons
  A giant frog skeleton (D:10)
  Ijyb (D:2)
  2 iguanas
  5 worker ants
  4 sheep (Lair:2)
  A worker ant zombie (D:8)
  3 gnolls (D:6)
  24 river rats
  8 adders
  2 shadow imps
  An ooze (D:2)
  An adder zombie (D:9)
  An adder skeleton (D:6)
  2 worms
  2 dart slugs (D:1)
  4 giant geckos
  35 orcs
  A ball python (D:1)
  11 giant cockroaches
  4 hobgoblins
  6 jackals
  9 kobolds
  5 quokkas
  A ball python skeleton (D:8)
  6 bats
  A giant cockroach zombie (D:5)
  6 giant newts
  16 goblins
  10 rats
292 creatures vanquished.

Vanquished Creatures (collateral kills)
  2 black mambas
  8 yaks
  A wyvern (D:8)
  Grum (D:10)
  A water moccasin (Lair:4)
  A porcupine (Lair:3)
  4 slaves (D:9)
  A crocodile (Lair:3)
  A big kobold (D:7)
  2 killer bees
  4 wights (D:8)
  3 crimson imps
  2 orc priests
  2 centaur zombies
  3 orc wizards
  A centaur skeleton (D:7)
  2 worker ants (Lair:5)
  7 river rats
  An adder (D:7)
  7 orcs
  A kobold (D:7)
55 creatures vanquished.

Vanquished Creatures (others)
  3 oklob plants
  2 necrophages (D:9)
  10 wandering mushrooms
  2 fungi
  2 plants (Lair:4)
  229 toadstools
248 creatures vanquished.

Grand Total: 595 creatures vanquished

Notes
Turn   | Place    | Note
--------------------------------------------------------------
     0 | D:1      | BabyRage the Naga Assassin began the quest for the Orb.
     0 | D:1      | Reached XP level 1. HP: 19/19 MP: 1/1
   342 | D:1      | Reached skill level 6 in Stealth
   342 | D:1      | Reached XP level 2. HP: 26/26 MP: 2/2
   700 | D:1      | Reached XP level 3. HP: 32/32 MP: 3/3
   974 | D:2      | Noticed Ijyb
  1016 | D:2      | Killed Ijyb
  1016 | D:2      | Reached XP level 4. HP: 24/39 MP: 4/4
  1330 | D:2      | Noticed Sigmund
  1334 | D:2      | Killed Sigmund
  1334 | D:2      | Reached skill level 5 in Short Blades
  1334 | D:2      | Reached skill level 7 in Stealth
  1334 | D:2      | Reached XP level 5. HP: 45/45 MP: 5/5
  1334 | D:2      | Reached XP level 6. HP: 52/52 MP: 6/6
  1658 | D:2      | Found a shimmering altar of Xom.
  2529 | D:3      | Found an oddly glowing altar of Pakellas.
  2531 | D:3      | Reached skill level 8 in Stealth
  2909 | D:4      | Found a glowing silver altar of Zin.
  3104 | D:4      | Found a glowing golden altar of the Shining One.
  3261 | D:4      | Reached XP level 7. HP: 25/60 MP: 7/7
  3494 | D:5      | Entered Level 5 of the Dungeon
  3521 | D:5      | Found a blossoming altar of Fedhas.
  3709 | D:5      | Became a worshipper of Fedhas Madash
  3738 | D:5      | Reached skill level 9 in Stealth
  4459 | D:5      | Got a scorched leather armour
  4954 | D:5      | Reached XP level 8. HP: 21/65 MP: 8/8
  5176 | D:5      | Found a sparkling altar of Nemelex Xobeh.
  5267 | D:5      | Found an oddly glowing altar of Pakellas.
  5347 | D:5      | Reached skill level 10 in Stealth
  5820 | D:6      | Reached * piety under Fedhas
  6258 | D:6      | Found a bloodstained altar of Trog.
  6690 | D:6      | Found a staircase to the Ecumenical Temple.
  6735 | D:6      | Identified the +3 leather armour "Jocw" {rN+ Int+6 Slay-5 Stlth+} (You found it on level 5 of the Dungeon)
  6847 | D:7      | Found a white marble altar of Elyvilon.
  7187 | D:7      | Got a brightly glowing rapier {vamp}
  7367 | D:7      | Noticed Prince Ribbit
  7387 | D:7      | Killed Prince Ribbit
  7387 | D:7      | Reached skill level 1 in Invocations
  8061 | D:7      | Reached XP level 9. HP: 68/73 MP: 10/10
  8098 | D:7      | Found a burning altar of Makhleb.
  8106 | D:7      | Identified the +5 rapier "Ler Ytes" {vamp, rElec MP+9 Str-2} (You took it off a crimson imp on level 7 of the Dungeon)
  8217 | D:8      | Reached skill level 11 in Stealth
  8242 | D:8      | Found a staircase to the Lair.
  8247 | D:8      | Noticed a troll
  8253 | D:8      | Killed a troll
  8258 | D:8      | Noticed a two-headed ogre
  8269 | D:8      | Killed a two-headed ogre
  8439 | D:8      | Reached skill level 10 in Short Blades
  9341 | D:9      | Reached skill level 12 in Stealth
  9380 | D:9      | Noticed Pikel
  9440 | D:9      | Killed Pikel
  9771 | D:9      | Reached XP level 10. HP: 70/80 MP: 13/13
  9825 | D:9      | Found a sacrificial altar of Ru.
  9839 | D:9      | Reached ** piety under Fedhas
 10423 | D:10     | Entered Level 10 of the Dungeon
 10456 | D:10     | Reached skill level 13 in Stealth
 10559 | D:10     | Noticed a hill giant
 10565 | D:10     | Killed a hill giant
 10773 | D:10     | Noticed Grum
 10789 | D:10     | Killed Grum
 11831 | Lair:1   | Entered Level 1 of the Lair of Beasts
 11966 | Lair:1   | Noticed Harold
 12007 | Lair:1   | Killed Harold
 12007 | Lair:1   | Reached skill level 14 in Stealth
 12007 | Lair:1   | Reached XP level 11. HP: 93/93 MP: 14/14
 12162 | Lair:1   | Reached skill level 5 in Fighting
 12176 | Lair:1   | Reached *** piety under Fedhas
 12422 | Lair:1   | Got a steaming leather armour
 12433 | Lair:1   | Identified the +1 leather armour of Insatiable Hunger {rPois rCorr Dex+4} (You found it on level 1 of the Lair of Beasts)
 12654 | Lair:1   | Noticed Sonja
 12660 | Lair:1   | Killed Sonja
 12773 | Lair:2   | Noticed Erica
 12777 | Lair:2   | Killed Erica
 13734 | Lair:3   | Reached skill level 15 in Stealth
 13745 | Lair:3   | Reached skill level 1 in Long Blades
 14517 | Lair:3   | Reached skill level 1 in Dodging
 15133 | Lair:4   | Reached XP level 12. HP: 109/109 MP: 15/15
 15137 | Lair:4   | Noticed Rupert
 15145 | Lair:4   | Killed Rupert
 15145 | Lair:4   | Reached skill level 5 in Long Blades
 15146 | Lair:4   | Reached **** piety under Fedhas
 16218 | Lair:5   | Found a hole to the Spider Nest.
 16246 | Lair:5   | Reached ***** piety under Fedhas
 16249 | Lair:5   | Noticed a death yak
 16252 | Lair:5   | Noticed a death yak
 16258 | Lair:5   | Noticed a death yak
 16265 | Lair:5   | Noticed a death yak
 16571 | Lair:5   | Killed a death yak
 16652 | Lair:4   | Demolished by a death yak

Skill      XL: |  1  2  3  4  5  6  7  8  9 10 11 12 |
---------------+-------------------------------------+-----
Stealth        | 6 7 8 9 10 12 14 15 | 15.3
Short Blades   | 3 5 6 7 9 11 12 13 | 13.2
Invocations    | 2 4 |  4.1
Fighting       | 4 7 8 |  8.2
Long Blades    | 3 6 |  6.9
Dodging        | 1 3 |  3.7
Throwing       | |  1.7

Action                   |  1- 3 |  4- 6 |  7- 9 | 10-12 || total
-------------------------+-------+-------+-------+-------++-------
Melee: Dagger            |    67 |   120 |   245 |    42 ||   474
       Rapier            |       |       |   112 |   300 ||   412
       Scimitar          |       |       |       |   158 ||   158
 Fire: Blowgun           |     6 |     5 |    59 |     9 ||    79
Invok: Evolution         |       |       |     5 |    12 ||    17
 Abil: Spit Poison       |    20 |    27 |    33 |    14 ||    94
Evoke: Wand              |       |       |       |     3 ||     3
  Use: Scroll            |     3 |    11 |     8 |     8 ||    30
       Potion            |       |       |     9 |     1 ||    10
 Stab: Sleeping          |     8 |    19 |    19 |    42 ||    88
       Distracted        |       |     1 |     1 |     8 ||    10
       Confused          |       |       |       |     8 ||     8
       Invisible         |       |       |       |     1 ||     1
  Eat: Chunk             |     1 |     8 |     9 |    10 ||    28
       Meat ration       |       |       |     2 |       ||     2
       Bread ration      |       |       |     1 |     1 ||     2
       Royal jelly       |       |       |     1 |     1 ||     2
Armor: Ring mail         |    39 |    34 |   117 |    56 ||   246
       Skin              |       |       |    10 |       ||    10
       Leather armour    |       |       |       |    96 ||    96
Dodge: Dodged            |    29 |    34 |   107 |   212 ||   382
